 Dungeon Crawl Stone Soup version 0.31-a0-1009-g454b1f1 (webtiles) character file.

Game seed: 8014697516021485103

28 Partyfoot the Ruffian (level 3, 26/26 HPs)
             Began as a Demonspawn Shapeshifter on Nov 14, 2023.
             Quit the game on level 1 of the Dungeon.
             The game lasted 00:01:49 (261 turns).

Partyfoot the Ruffian (Demonspawn Shapeshifter)      Turns: 261, Time: 00:01:49

Health: 26/26      AC:  2    Str: 16    XL:     3   Next: 0%
Magic:  3/3        EV: 12    Int: 11    God:
Gold:   25         SH:  0    Dex: 12    Spells: 2/2 levels left

rFire   . . .        g - +2 dagger (speed)
rCold   . . .        (no shield)
rNeg    . . .        a - +0 animal skin
rPois   .            (helmet currently unavailable)
rElec   .            (cloak currently unavailable)
rCorr   .            (gloves currently unavailable)
SInv    .            (boots currently unavailable)
Will    .....        (no amulet)
Stlth   +            (no ring)
HPRegen 0.24/turn    (no ring)
MPRegen 0.08/turn

%: no passive effects
@: beast-form
A: beast (slay +1), demonic magic 1, demonic touch 1
a: Begin Untransformation


You were on level 1 of the Dungeon.
You were a hulking beast.
You visited 1 branch of the dungeon, and saw 1 of its levels.

You collected 25 gold pieces.

Inventory:

Hand Weapons
 g - a +2 dagger of speed (weapon)
Armour
 a - a +0 animal skin (worn)
 j - a +0 hat
Talismans
 c - a beast talisman
 d - a flux talisman
Scrolls
 e - a scroll of identify {unknown}
 f - a scroll of acquirement {unknown}
 h - a scroll of summoning {unknown}
 i - a scroll of revelation {unknown}
Potions
 b - a potion of lignification


   Skills:
 - Level 1.0 Fighting
 - Level 1.7 Dodging
 + Level 3.3 Unarmed Combat
 + Level 3.2 Shapeshifting


You had 2 spell levels left.
You didn't know any spells.
Your spell library was empty.

Dungeon Overview and Level Annotations

Branches:
Dungeon (1/15)

Altars:


Innate Abilities, Weirdness & Mutations

You are a hulking beast.
Your limbs bulge with bestial killing power. (Slay +1)
Spells you cast may paralyse adjacent enemies.
Your touch may inflict minor irresistible damage on your foes.


Message History

You open the door.
A ball python and a kobold come into view.
The ball python hisses angrily.
The kobold shouts!
There are monsters nearby!
The ball python completely misses you. The ball python grabs you.
The ball python constricts you.
There is an open door here.
You barely miss the ball python.
You touch the ball python.
You kill the ball python!
You hit the kobold.
You kill the kobold!
No target in view!
No target in view!
You open the door.
A frilled lizard comes into view.
A frilled lizard is nearby!
There is an open door here.
You hit the frilled lizard.
You kill the frilled lizard!
No target in view!
You see here a frilled lizard corpse.
A ball python comes into view.
A bat comes into view.
The helpless ball python fails to defend itself.
You puncture the ball python!
You kill the ball python!
The bat completely misses you. The bat hits you. The bat closely misses you.
The bat barely misses you. The bat closely misses you.
The bat barely misses you. The bat hits you but does no damage.
You hit the bat but do no damage.
You touch the bat.
You kill the bat!
You have reached level 3!
Your experience leads to an increase in your attributes!
Increase (S)trength, (I)ntelligence, or (D)exterity?
You feel stronger. x2; Your demonic ancestry asserts itself...
A menacing aura infuses your magic.
Are you sure you want to abandon this character and quit the game? (Confirm with "yes".)

....##.# #....# ....##.#
#....# ....##.# #....#
....##.####....#
....##....'†...+
....#######....# ####
....# #....# ...
###########....##.######
......†......h.......
################...## .#


There were no monsters in sight!

Vanquished Creatures
  A dart slug (D:1)
  3 goblins (D:1)
  4 jackals (D:1)
  2 kobolds (D:1)
  A quokka (D:1)
  2 ball pythons (D:1)
  7 bats (D:1)
  2 frilled lizards (D:1)
  3 rats (D:1)
25 creatures vanquished.

Notes
Turn   | Place    | Note
-------+----------+-------------------------------------------
     0 | D:1      | Partyfoot the Demonspawn Shapeshifter began the quest for
                  | the Orb.
     0 | D:1      | Reached XP level 1. HP: 15/15 MP: 1/1
    43 | D:1      | Gained mutation: Your touch may inflict minor irresistible
                  | damage on your foes. [demonic ancestry]
    43 | D:1      | Reached XP level 2. HP: 14/21 MP: 2/2
   261 | D:1      | Gained mutation: Spells you cast may paralyse adjacent
                  | enemies. [demonic ancestry]
   261 | D:1      | Reached XP level 3. HP: 26/26 MP: 3/3
   261 | D:1      | Quit the game

Illustrated notes

Levels and vault maps discovered:
D:1:      minmay_arrival_checkered_box, layout_basic

Skill      XL: |  1  2 |
---------------+-------+-----
Unarmed Combat | 3 |  3.3
Shapeshifting  | 3 |  3.2
Fighting       | |  1.0
Dodging        | |  1.7

Action                     || total
---------------------------++-------
  Melee: Unarmed           ||    20
         Punch             ||     3
         Dagger            ||    22
         Touch             ||     8
   Stab: Sleeping          ||     1
 Armour: Animal skin       ||    21
  Dodge: Dodged            ||    31

Table legend: (Time is in decaauts)
 A = Elapsed time spent in this place.
 B = Non-inter-level travel time spent in this place.
 C = Inter-level travel time spent in this place.
 D = Time resting spent in this place.
 E = Time spent auto-exploring this place.
 F = Levels seen in this place.
 G = Mean time per level.
                   A        B        C        D        E       F      G
               +--------+--------+--------+--------+--------+-----+--------+
         Total |    251 |    251 |      0 |     55 |     98 |   1 |  251.0 |
       Dungeon |    251 |    251 |      0 |     55 |     98 |   1 |  251.0 |
               +--------+--------+--------+--------+--------+-----+--------+

Top non-repeatable levels by time:
     D:1: 251 daAuts
